 Dungeon Crawl Stone Soup version 0.31-a0-229-g1fc7ce93e2 (webtiles) character file.

Game seed: 8654720608558628920

503 qw the Shooter (level 6, 0/53 HPs)
             Began as a Minotaur Hexslinger on July 6, 2023.
             Was an Initiate of Okawaru.
             Slain by an ice beast (1 damage)
             ... on level 4 of the Dungeon.
             The game lasted 00:01:19 (3361 turns).

qw the Shooter (Minotaur Hexslinger)                Turns: 3361, Time: 00:01:19

Health: 0/53       AC:  7    Str: 12    XL:     6   Next: 96%
Magic:  6/6        EV: 11    Int: 10    God:    Okawaru [......]
Gold:   132        SH:  0    Dex: 15    Spells: 6/7 levels left

rFire   . . .        Y - +2 sling
rCold   . . .        (no shield)
rNeg    . . .        i - +0 ring mail
rPois   .            (helmet restricted)
rElec   .            h - +0 cloak
rCorr   .            (no gloves)
SInv    .            j - +0 pair of boots
Will    .....        (no amulet)
Stlth   +            (no ring)
HPRegen 0.28/turn    (no ring)
MPRegen 0.10/turn

%: no passive effects
@: lethally poisoned (0 -> -14)
A: horns 2, retaliatory headbutt
a: Renounce Religion


You were on level 4 of the Dungeon.
You worshipped Okawaru.
Okawaru was noncommittal.
You visited 2 branches of the dungeon, and saw 6 of its levels.

You collected 132 gold pieces.


Innate Abilities, Weirdness & Mutations

You have a pair of horns on your head.
You reflexively headbutt those who attack you in melee.


   Skills:
 - Level 4.7 Fighting
 + Level 6.9 Ranged Weapons
 - Level 1.5 Armour
 - Level 2.1 Dodging
 - Level 1.0 Spellcasting
 - Level 2.0 Hexes


You had 6 spell levels left.
You knew the following spells:

 Your Spells              Type           Power      Damage    Failure   Level
a - Slow                  Hex            16%        N/A       32%         1

Your spell library contained the following spells:

 Spells                   Type           Power      Damage    Failure   Level
 Inner Flame              Hex/Fire       2%         N/A       83%         3
 Portal Projectile        Hex/Tloc       4%         N/A       83%         3
 Cause Fear               Hex            2%         N/A       97%         4

Inventory:

Hand Weapons
 Y - a +2 sling (weapon)
Armour
 h - a +0 cloak (worn)
 i - a +0 ring mail (worn)
 j - a +0 pair of boots (worn)
Jewellery
 e - a ring of ice
Scrolls
 f - a scroll of identify
Potions
 a - a potion of cancellation
 d - 3 potions of curing

Dungeon Overview and Level Annotations

Branches:
Dungeon (5/15)             Temple (1/1) D:4

Altars:
Ashenzari
Cheibriados
Dithmenos
Elyvilon
Fedhas
Kikubaaqudgha
Nemelex Xobeh
Okawaru
Qazlal
Ru
Trog
Xom
Yredelemnul
Zin
The Shining One


Message History

The ice beast hits you but does no damage.
The scorpion stings you. The ice beast hits you. The ice beast freezes you!
3357 ||| STAIRDANCE The scorpion stings you but does no damage.
The ice beast hits you. The ice beast freezes you!
The scorpion closely misses you.
You climb upwards.
There is a stone staircase leading down here.
Enter note:
Enter note:
Enter note:
Enter note:
Enter note:
Enter note:
Enter note:
Enter note:
Enter note:
Enter note:
Enter note:
Enter note:
Enter note:
Enter note:
Enter note: You shoot a sling bullet.
The sling bullet hits the ice beast.
The ice beast is heavily wounded.
The ice beast hits you. The ice beast freezes you. The scorpion stings you.
You are poisoned.
The scorpion poisons you!
You shoot a sling bullet. The sling bullet hits the ice beast.
The ice beast is heavily wounded.
You feel very sick. The scorpion stings you.
You are lethally poisoned!
The scorpion poisons you! The ice beast hits you. The ice beast freezes you!
You shoot a sling bullet.
The sling bullet completely misses the ice beast.
You feel very sick.
The scorpion stings you but does no damage.
The ice beast hits you.
You die...

##..##.#........###
...............##
...............##
........##......##
......#####......##
.......####.......#
#.......##........#
#........#........#
#...........#...@s#
...............Y###
#......#.#.###..#
##.##.###### #.##
###### ###


You could see an ice beast and a scorpion.

Vanquished Creatures
  Grinder (D:2)
  A water moccasin (D:4)
  3 gnolls
  9 adders
  3 worms
  A dart slug (D:2)
  9 orcs
  3 bats
  5 endoplasms
  A giant cockroach (D:2)
  7 goblins
  8 hobgoblins
  9 jackals
  2 quokkas
  5 ball pythons
  2 frilled lizards (D:2)
  5 kobolds
  6 rats
80 creatures vanquished.

Notes
Turn   | Place    | Note
-------+----------+-------------------------------------------
     0 | D:1      | qw the Minotaur Hexslinger began the quest for the Orb.
     0 | D:1      | Reached XP level 1. HP: 16/16 MP: 1/1
     0 | D:1      | 0 ||| qw: Version: 0.3-a-46-gb1f654a
     0 | D:1      | 0 ||| qw: Game counter: 1317
     0 | D:1      | 0 ||| qw: Melee chars always use a shield: true
     0 | D:1      | 0 ||| qw: God list: Okawaru
     0 | D:1      | 0 ||| qw: Allow faded altars: false
     0 | D:1      | 0 ||| qw: Do Orc after clearing Dungeon:15 true
     0 | D:1      | 0 ||| qw: Do second Lair branch before Depths: true
     0 | D:1      | 0 ||| qw: Lair rune preference: random
     0 | D:1      | 0 ||| qw: Goals: Normal
     0 | D:1      | 0 ||| PLANNING D:1-11
   271 | D:1      | Reached skill level 3 in Ranged Weapons
   300 | D:1      | Reached XP level 2. HP: 14/23 MP: 2/2
   790 | D:1      | 790 ||| UPGRADING to +0 cloak.
   795 | D:1      | 795 ||| UPGRADING to +0 ring mail.
   805 | D:1      | 805 ||| DROPPING +0 robe.
   806 | D:1      | 806 ||| UPGRADING to +0 pair of boots.
   811 | D:1      | 811 ||| READING scroll labelled WAEHIA LIXE.
   854 | D:1      | 854 ||| READING 2 scrolls labelled VINISSESUE.
   855 | D:1      | 855 ||| READING 2 scrolls labelled RIBOEFRAXU.
   858 | D:1      | 858 ||| DROPPING scroll of poison.
   921 | D:2      | Reached skill level 1 in Armour
   939 | D:2      | Reached XP level 3. HP: 26/29 MP: 3/3
   992 | D:2      | HP: 6/29 [frozen (4)]
   993 | D:2      | 993 ||| READING scroll of teleportation.
  1180 | D:2      | Reached skill level 4 in Ranged Weapons
  1384 | D:2      | Reached XP level 4. HP: 23/36 MP: 4/4
  1499 | D:2      | 1499 ||| DROPPING scarf of harm.
  1500 | D:2      | 1500 ||| READING scroll labelled PEN GUEDARAPP.
  1501 | D:2      | 1501 ||| DRINKING 2 amethyst potions.
  1502 | D:2      | 1502 ||| DRINKING 2 brown potions.
  1541 | D:3      | Noticed Grinder
  1546 | D:3      | 1546 ||| STAIRDANCE
  1617 | D:3      | 1617 ||| STAIRDANCE
  1623 | D:2      | HP: 6/36 [Grinder (4)]
  1624 | D:2      | 1624 ||| DRINKING potion of heal wounds.
  1629 | D:2      | Killed Grinder
  1630 | D:2      | Reached skill level 6 in Ranged Weapons
  1630 | D:2      | Reached XP level 5. HP: 22/41 MP: 5/5
  1630 | D:2      | Reached XP level 6. HP: 25/48 MP: 6/6
  1717 | D:3      | 1717 ||| STAIRDANCE
  1773 | D:3      | 1773 ||| STAIRDANCE
  1858 | D:3      | 1858 ||| STAIRDANCE
  1932 | D:2      | 1932 ||| READING scroll labelled BUROTA KIEM.
  2200 | D:3      | Reached skill level 3 in Fighting
  2383 | D:3      | 2383 ||| DROPPING ring of magical power.
  2384 | D:3      | 2384 ||| READING scroll labelled FIENIO CIEWI.
  2385 | D:3      | 2385 ||| READING scroll labelled ZYLIOWKUIQUA.
  2386 | D:3      | 2386 ||| READING 2 scrolls of identify.
  2386 | D:3      | 2386 ||| IDENTIFYING puce potion
  2387 | D:3      | 2387 ||| DROPPING potion of lignification.
  2504 | D:4      | Noticed a water moccasin
  2516 | D:4      | Killed a water moccasin
  2790 | D:4      | Found a staircase to the Ecumenical Temple.
  2791 | D:4      | 2791 ||| PLANNING TEMPLE
  2791 | D:4      | 2791 ||| READING scroll labelled ANIWIW HUTHRUGRYH.
  2792 | D:4      | 2792 ||| READING scroll labelled AHICZOZEN.
  2793 | D:4      | 2793 ||| DRINKING 4 fizzy brown potions.
  2794 | D:4      | 2794 ||| READING 2 scrolls of identify.
  2794 | D:4      | 2794 ||| IDENTIFYING fuming black potion
  2795 | D:4      | 2795 ||| DROPPING potion of brilliance.
  2802 | Temple   | Entered the Ecumenical Temple
  2887 | Temple   | 2887 ||| PLANNING OKAWARU WORSHIP
  3102 | Temple   | Became a worshipper of Warmaster Okawaru
  3103 | Temple   | 3103 ||| PLANNING D:1-11
  3349 | D:5      | Entered Level 5 of the Dungeon
  3349 | D:5      | Noticed an ice beast
  3357 | D:5      | 3357 ||| STAIRDANCE
  3360 | D:4      | HP: 5/53 [ice beast (9)]
  3361 | D:4      | HP: 1/53 [poisoned by a scorpion]
  3361 | D:4      | Slain by an ice beast

Levels and vault maps discovered:
D:1:      mrwooster_arrival_statue_3, layout_basic, serial_glass,
          glass_columns_a, glass_columns_a, glass_columns_a, glass_columns_a,
          due_unseen_surprise, feat_on_display, minmay_cut_off
D:2:      layout_basic, kennysheep_generic_room_16
D:3:      layout_rooms, uniq_grinder
D:4:      layout_cave_pools, minmay_temple_entry_butterflies,
          chequers_serial_rivers_small_b, hangedman_decor_clover_reticule,
          nicolae_figureground_sparkle
D:5:      layout_basic, nicolae_uskayaw_suspiria, gammafunk_ghost_necromancy,
          interstate_on_off
Temple:   regret_index_temple_generic_petals

Skill      XL: |  1  2  3  4  5  6 |
---------------+-------------------+-----
Ranged Weapons | 3 4 6 |  6.9
Fighting       | 2 4 |  4.7
Armour         | 1 |  1.5
Dodging        | |  2.1
Spellcasting   | |  1.0
Hexes          | |  2.0

Action                     |  1- 3 |  4- 6 || total
---------------------------+-------+-------++-------
   Fire: Sling             |   118 |   172 ||   290
    Use: Scroll            |     4 |     8 ||    12
         Potion            |       |     4 ||     4
 Armour: Robe              |     1 |       ||     1
         Ring mail         |    28 |    58 ||    86
  Dodge: Dodged            |    33 |    99 ||   132

Table legend:
 A = Non-vault XP
 B = Vault XP
 C = Vault XP percentage of total XP
 D = Non-vault monster count
 E = Vault monster count
 F = Vault count percentage of total count
                 A         B        C        D         E       F
            +---------+---------+-------+---------+---------+-------
      Total |     442 |     277 |  38.5 |      76 |       4 |   5.0
            +---------+---------+-------+---------+---------+-------
        D:1 |      20 |       4 |  16.7 |      13 |       2 |  13.3
        D:2 |     132 |     273 |  67.4 |      35 |       2 |   5.4
        D:3 |      85 |       0 |   0.0 |      18 |       0 |   0.0
        D:4 |     205 |       0 |   0.0 |      10 |       0 |   0.0
            +---------+---------+-------+---------+---------+-------
